Map: Whirlwind LE (Void)

Players

ShoWTimE - Winner!

  • Race: Protoss Protoss
  • Spawn Location: 1:00

Kelazhur

  • Race: Terran Terran
  • League: Diamond
  • Spawn Location: 7:00

Event: WESG 2016 Finals

VOD

Have the link to the VOD?

Description

Time

  • Played on: Jan. 12, 2017, 10:57 p.m.
  • Length: 14:47

All games in this series

Show
View Real Time Build Order
Export as new Build Order

ShoWTimE Protoss - Winner!

Build Orders: 1 Gate Expand, Colossus Rush 

Get SALT Encoding   

  12  0:01  Probe (Chrono Boost)  
  13  0:11  Probe (Chrono Boost)  
  14  0:17  Pylon  
  14  0:22  Probe (Chrono Boost)  
  15  0:35  Probe (Chrono Boost)  
  16  0:36  Gateway  
  16  0:42  Assimilator  
  16  0:45  Probe (Chrono Boost)  
  17  0:56  Probe (Chrono Boost)  
  18  1:06  Probe (Chrono Boost)  
  19  1:22  Probe (Chrono Boost)  
  19  1:24  Nexus  
  20  1:31  Cybernetics Core  
  20  1:34  Probe (Chrono Boost)  
  21  1:40  Assimilator  
  21  1:45  Probe (Chrono Boost)  
  22  1:50  Pylon  
  22  1:55  Probe (Chrono Boost)  
  23  2:06  Adept  
  26  2:09  Probe (Chrono Boost), Warp Gate  
  26  2:20  Probe (Chrono Boost)  
  27  2:31  Mothership Core (Chrono Boost)  
  27  2:37  Probe (Chrono Boost)  
  30  2:39  Robotics Facility  
  30  2:42  Adept  
  32  2:47  Probe (Chrono Boost)  
  32  2:49  Probe (Chrono Boost)  
  34  2:58  Probe (Chrono Boost)  
  35  3:00  Probe (Chrono Boost)  
  36  3:08  Probe (Chrono Boost)  
  36  3:10  Probe (Chrono Boost)  
  36  3:12  Gateway  
  38  3:13  Gateway  
  38  3:19  Probe (Chrono Boost)  
  39  3:22  Probe (Chrono Boost)  
  39  3:24  Observer  
  39  3:26  Pylon  
  41  3:29  Probe (Chrono Boost)  
  41  3:34  Probe (Chrono Boost), Robotics Bay  
  43  3:37  Assimilator  
  43  3:40  Probe (Chrono Boost), Assimilator  
  44  3:45  Observer  
  44  3:46  Probe (Chrono Boost)  
  46  3:51  Probe (Chrono Boost)  
  47  3:55  Pylon  
  47  3:58  Probe (Chrono Boost)  
  47  4:01  Probe (Chrono Boost), Warp Prism  
  52  4:10  Probe (Chrono Boost)  
  52  4:12  Probe (Chrono Boost)  
  52  4:14  Pylon  
  53  4:21  Gravitic Drive  
  53  4:22  Probe x2 (Chrono Boost)  
  55  4:26  Twilight Council  
  55  4:32  Disruptor  
  55  4:34  Probe (Chrono Boost)  
  59  4:41  Pylon  
  59  4:50  Gateway  
  59  4:51  Probe (Chrono Boost), Gateway  
  61  4:52  Gateway  
  61  4:53  Probe (Chrono Boost)  
  61  5:04  Disruptor  
  61  5:06  Blink  
  62  5:08  Probe x2 (Chrono Boost)  
  62  5:13  Nexus  
  65  5:17  Pylon  
  65  5:19  Sentry  
  67  5:21  Extended Thermal Lance  
  67  5:24  Probe x2 (Chrono Boost)  
  69  5:31  Pylon  
  69  5:34  Colossus  
  69  5:37  Probe x2 (Chrono Boost)  
  77  5:49  Probe (Chrono Boost)  
  79  5:50  Probe (Chrono Boost)  
  79  5:57  Sentry, Stalker  
  79  6:02  Probe x2 (Chrono Boost)  
  84  6:14  Probe x2 (Chrono Boost)  
  84  6:15  Adept x3  
  84  6:16  Pylon  
  92  6:19  Pylon x2  
  94  6:26  Probe x3 (Chrono Boost), Colossus  
  95  6:35  Pylon  
  95  6:38  Probe (Chrono Boost)  
  102  6:43  Forge  
  102  6:44  Probe (Chrono Boost)  
  102  6:45  Forge  
  103  6:49  Stalker  
  103  6:50  Stalker  
  103  6:53  Assimilator  
  100  6:55  Probe (Chrono Boost)  
  100  6:57  Resonating Glaives, Assimilator  
  100  7:01  Probe (Chrono Boost)  
  101  7:05  Gateway  
  101  7:08  Gateway  
  101  7:13  Gateway  
  101  7:20  Sentry x2, Adept x2  
  101  7:21  Adept  
  101  7:22  Protoss Ground Armor Level 1, Protoss Ground Weapons Level 1  
  111  7:37  Colossus, Pylon  
  111  7:40  Probe (Chrono Boost)  
  111  7:41  Probe (Chrono Boost)  
  119  7:53  Adept x5  
  119  7:56  Nexus  
  119  7:58  Pylon  
  129  8:04  Pylon  
  129  8:07  Pylon  
  129  8:10  Adept x2  
  129  8:11  Pylon  
  131  8:16  Dark Shrine  
  131  8:26  Disruptor  
  131  8:27  Adept x2  
  138  8:41  Stalker x4, Adept  
  132  8:43  Adept  
  142  8:58  Disruptor  
  142  9:00  Probe x2 (Chrono Boost)  
  142  9:02  Photon Cannon, Stalker x3  
  150  9:05  Pylon  
  150  9:08  Protoss Ground Armor Level 2, Protoss Ground Weapons Level 2  
  153  9:13  Pylon  
  150  9:18  Adept  
  150  9:19  Adept x4  
  160  9:26  Pylon  
  160  9:31  Photon Cannon  
  160  9:32  Dark Templar  
  160  9:33  Dark Templar  
  160  9:37  Disruptor  
  166  9:47  Photon Cannon  
  166  9:48  Probe (Chrono Boost)  
  166  9:50  Probe x2 (Chrono Boost), Adept x2  
  166  9:51  Adept x2  
  177  9:56  Dark Templar  
  179  10:06  Adept x2  
  181  10:08  Disruptor  
  181  10:13  Dark Templar  
  184  10:15  Zealot x4  
  188  10:29  Dark Templar  
  188  10:30  Adept  
  190  10:36  Assimilator  
  190  10:40  Assimilator  
  182  10:49  Stalker  
  170  10:50  Stalker x6  
  178  10:59  Probe (Chrono Boost), Observer  
  178  11:00  Probe (Chrono Boost)  
  179  11:07  Stalker  
  179  11:08  Photon Cannon  
  181  11:15  Warp Prism  
  181  11:17  Pylon  
  181  11:20  Pylon, Adept x6  
  195  11:25  Protoss Ground Armor Level 3, Protoss Ground Weapons Level 3  
  195  11:31  Pylon  
  178  11:35  Stalker x2  
  180  11:41  Photon Cannon  
  180  11:48  Dark Templar, Adept  
  180  11:49  Dark Templar x2, Adept x2  
  190  11:54  Photon Cannon  
  190  11:59  Adept x2  
  157  12:20  Dark Templar, Adept x3  
  142  12:25  Adept x4  
  149  12:36  Observer  
  148  12:46  Stalker x4  
  148  12:47  Stalker  
  148  12:50  Stalker  
  148  12:51  Stalker  
  154  12:53  Probe (Chrono Boost)  
  154  12:55  Probe (Chrono Boost)  
  144  13:06  Adept  
  144  13:10  Stalker x2  
  144  13:11  Stalker x2  
  152  13:17  Stalker x2  
  149  13:30  Stalker x2  
  140  13:49  Stalker x2  
  140  13:50  Stalker x2  
  148  13:58  Stargate  
  148  14:01  Dark Templar, Adept  
  152  14:08  Stalker  
  154  14:16  Sentry x3  
  157  14:17  Sentry x2  
  119  14:45  Stalker x3  
Show
View Real Time Build Order
Export as new Build Order

Kelazhur Terran 

Build Orders: Command Center First (CC), MMM Bio 

Get SALT Encoding   

  12  0:00  SCV  
  13  0:12  SCV  
  14  0:17  Supply Depot  
  14  0:24  SCV  
  15  0:39  SCV  
  16  0:51  SCV  
  17  0:58  Command Center  
  17  1:03  SCV  
  18  1:11  Barracks  
  18  1:15  SCV  
  19  1:25  Barracks  
  19  1:28  SCV  
  20  1:40  SCV  
  21  1:58  Orbital Command, Marine  
  22  2:10  Orbital Command  
  22  2:11  Marine  
  23  2:21  Command Center  
  23  2:24  Marine  
  23  2:27  SCV  
  23  2:29  Marine  
  26  2:36  SCV  
  27  2:39  SCV  
  27  2:42  Marine, Refinery  
  29  2:47  Marine  
  29  2:48  SCV  
  29  2:50  Supply Depot  
  29  2:51  SCV  
  32  2:58  Engineering Bay  
  32  3:00  SCV  
  32  3:02  Marine  
  32  3:05  Marine, SCV  
  35  3:10  Barracks  
  36  3:12  SCV  
  36  3:17  SCV  
  37  3:25  Marine, SCV  
  37  3:26  Missile Turret  
  40  3:29  SCV  
  40  3:35  Orbital Command  
  40  3:37  SCV  
  40  3:38  Barracks Tech Lab  
  42  3:41  SCV  
  42  3:44  Refinery  
  42  3:48  Bunker  
  42  3:49  SCV  
  42  3:50  Marine  
  42  3:52  Supply Depot  
  42  3:53  SCV  
  45  4:00  Marine x2  
  45  4:01  Stimpack, SCV  
  48  4:04  SCV  
  48  4:05  SCV  
  48  4:09  Marine  
  51  4:13  SCV  
  52  4:17  Supply Depot  
  52  4:19  SCV  
  52  4:22  Factory  
  52  4:23  Barracks, Marine x2  
  55  4:25  SCV  
  55  4:26  SCV  
  55  4:29  Marine  
  58  4:32  SCV  
  58  4:37  SCV  
  59  4:39  Refinery  
  59  4:40  Barracks  
  59  4:41  Marine x2, SCV  
  59  4:45  SCV  
  63  4:47  Terran Infantry Weapons Level 1  
  63  4:48  Supply Depot  
  63  4:50  SCV  
  63  4:52  Refinery  
  64  4:53  SCV  
  64  4:58  Barracks Tech Lab, SCV  
  64  4:59  Supply Depot  
  66  5:02  Barracks Reactor, SCV  
  66  5:03  Marine  
  66  5:05  SCV  
  69  5:12  Starport  
  69  5:13  Supply Depot  
  69  5:15  Factory Reactor  
  69  5:17  Orbital Command, SCV  
  69  5:19  Marauder, Marine  
  69  5:20  Marine  
  74  5:24  SCV  
  74  5:27  Barracks Tech Lab  
  75  5:28  Supply Depot  
  75  5:32  SCV  
  75  5:33  Armory  
  75  5:34  Engineering Bay  
  76  5:39  SCV  
  78  5:43  SCV  
  78  5:48  SCV  
  77  5:50  Missile Turret  
  77  5:51  Marine, Barracks Reactor  
  77  5:52  Marauder x2, Marine  
  77  5:53  Marauder  
  77  5:54  Combat Shields  
  85  5:57  SCV x2  
  85  6:03  SCV  
  86  6:05  Terran Infantry Armor Level 1  
  86  6:06  Missile Turret  
  86  6:09  SCV  
  86  6:10  SCV  
  88  6:11  Marine x2  
  88  6:15  Medivac, SCV  
  88  6:17  Marine  
  88  6:18  Marine x2  
  96  6:20  Medivac  
  96  6:22  SCV  
  99  6:29  Marine x2, SCV  
  99  6:30  Marine  
  99  6:31  SCV  
  102  6:34  SCV  
  102  6:35  Marine  
  102  6:38  Marauder  
  106  6:45  SCV  
  106  6:46  Marauder  
  109  6:57  Supply Depot  
  109  6:59  Supply Depot  
  109  7:01  Supply Depot  
  109  7:02  Terran Infantry Weapons Level 2  
  109  7:03  Medivac x2, Marine x3  
  109  7:08  Marine  
  117  7:10  Concussive Shells  
  117  7:17  Factory Reactor  
  117  7:19  Marauder x3, Refinery, SCV x2  
  117  7:21  SCV  
  117  7:22  Refinery  
  126  7:25  Supply Depot  
  115  7:37  Marine x3  
  115  7:39  Medivac  
  115  7:40  Medivac, Marauder  
  115  7:41  SCV  
  125  7:45  Marauder  
  125  7:46  Marauder  
  125  7:50  Marine  
  130  7:53  SCV  
  130  7:55  Widow Mine x2, Marine  
  130  7:58  Marine  
  137  8:00  Marine  
  137  8:02  Marauder, Terran Infantry Armor Level 2  
  140  8:06  SCV  
  140  8:08  Marauder  
  140  8:10  Marine  
  140  8:11  Marauder  
  140  8:12  Medivac  
  148  8:23  Marine x2  
  149  8:33  Marine  
  149  8:56  Fusion Core, Marauder x2, Barracks, Marine x4, Supply Depot  
  149  8:57  Supply Depot x2, Barracks, Starport  
  149  8:58  Barracks  
  149  9:01  Liberator x2  
  157  9:18  Marauder x3  
  157  9:20  Widow Mine x2  
  157  9:22  Marine x4  
  157  9:23  Terran Infantry Weapons Level 3  
  177  9:38  Starport Tech Lab  
  177  9:39  Marauder, Marine  
  177  9:42  Terran Ship Weapons Level 1  
  177  9:44  Supply Depot, Marine  
  177  9:45  Command Center  
  181  9:48  Liberator  
  181  9:58  Advanced Ballistics  
  181  10:00  Barracks Tech Lab  
  181  10:01  Marine  
  181  10:05  Marauder, Marine  
  181  10:06  Marauder x2, Marine  
  189  10:08  Marine  
  189  10:09  Marine  
  189  10:10  Marine  
  189  10:12  Widow Mine  
  189  10:26  Missile Turret  
  189  10:27  Marine  
  189  10:33  Liberator  
  189  10:35  Liberator  
  189  10:40  Marauder x4  
  189  10:42  Widow Mine x2  
  189  10:44  Liberator  
  189  10:45  Marine  
  189  10:46  Marine x2  
  186  11:02  Marauder x2  
  193  11:06  Planetary Fortress  
  193  11:07  Missile Turret  
  193  11:09  Marine  
  192  11:13  Marauder  
  192  11:15  Barracks Reactor, Barracks Tech Lab  
  194  11:18  Liberator x2  
  188  11:33  Marauder x3  
  188  11:34  Marine  
  188  11:35  Marauder x2  
  196  11:58  Liberator  
  196  11:59  Marauder  
  196  12:00  Widow Mine x2  
  197  12:01  Marauder, Liberator  
  197  12:03  Liberator  
  195  12:11  Marauder, Marine x2  
  195  12:13  Marine  
  154  12:19  Marine x4  
  154  12:22  Marine  
  157  12:25  Marine  
  157  12:29  Widow Mine x2  
  149  12:41  Liberator  
  149  12:44  Liberator  
  149  12:48  Marauder  
  135  12:55  Marine  
  135  12:56  Marine  
  135  12:57  Widow Mine x2  
  141  13:03  Marauder, Medivac  
  123  13:06  Marauder  
  123  13:11  Marauder, Marine  
  116  13:14  Marine x2  
  116  13:15  Marine  
  116  13:18  Marine  
  116  13:19  Marine  
  119  13:22  Marine x2  
  119  13:24  Marine  
  119  13:26  Widow Mine x2  
  124  13:31  Marauder, Marine  
  124  13:32  Marine x2  
  111  13:38  Marauder, Marine x3  
  111  13:40  Marine  
  102  13:41  Marine  
  101  13:50  Marauder, Marine  
  101  13:52  Marine  
  101  13:53  Marine  
  101  13:54  Widow Mine x2  
  106  13:56  Medivac  
  106  14:00  Medivac  
  106  14:01  Marine  
  101  14:06  Marine x2  
  105  14:14  Marine  
  105  14:17  Marine  
Tags
 
Add a new tag
Caveats
  • Supply blocks, unpowered buildings, or Contaminate may cause inaccurate times.
  • Supply counts are checked every 10 seconds.